 Dungeon Crawl Stone Soup version 0.29.1-15-g9cfb28693d (webtiles) character file.

Game seed: 7262472722292280440

644 BuddhaDhamma the Cleaver (level 7, -1/57 HPs)
             Began as a Minotaur Berserker on Mar 4, 2023.
             Was a Priest of Trog.
             Killed by divine providence
             ... invoked by an orc priest
              (12 damage)
             ... on level 4 of the Dungeon.
             The game lasted 00:06:06 (3195 turns).

BuddhaDhamma the Cleaver (Minotaur Berserker)       Turns: 3195, Time: 00:06:07

Health: -1/57      AC: 20    Str: 24    XL:     7   Next: 27%
Magic:  6/6        EV: 10    Int:  4    God:    Trog [***...]
Gold:   150        SH:  5    Dex:  9    Spells: 6/6 levels left

rFire   . . .      SeeInvis .   e - +1 war axe (protect)
rCold   . . .      Faith    .   (no shield)
rNeg    . . .      Spirit   .   k - +0 scale mail
rPois   .          Reflect  +   (helmet restricted)
rElec   .          Harm     .   i - +2 cloak
rCorr   .          Rampage  .   (no gloves)
Will    .....                   (no boots)
Stlth   ..........              g - amulet of reflection
HPRegen 0.19/turn               n - +4 ring of protection
MPRegen 0.10/turn               (no ring)

@: under a protective aura, on berserk cooldown, slowed, very slow
A: horns 2, retaliatory headbutt
a: Renounce Religion, Berserk, Trog's Hand


You were on level 4 of the Dungeon.
You worshipped Trog.
Trog was most pleased with you.
You visited 1 branch of the dungeon, and saw 4 of its levels.

You collected 150 gold pieces.

Inventory:

Hand Weapons
 e - a +1 war axe of protection (weapon)
Armour
 i - a +2 cloak (worn)
 k - a +0 scale mail (worn)
Jewellery
 g - an amulet of reflection (around neck)
 n - a +4 ring of protection (left hand)
Scrolls
 q - a scroll of enchant weapon
Potions
 b - 2 potions of curing
 c - a potion of brilliance {unknown}
 d - 3 potions of attraction
 h - 2 potions of flight {unknown}
 l - a potion of heal wounds


   Skills:
 - Level 3.6 Fighting
 + Level 10.2 Axes
 - Level 2.4 Armour
 - Level 2.1 Dodging


You had 6 spell levels left.
You didn't know any spells.
Your spell library was empty.

Dungeon Overview and Level Annotations

Branches:
Dungeon (4/15)
 Temple: D:4-7

Altars:
Dithmenos
Fedhas
The Shining One

Shops:
D:2 (

Annotations:
D:4 Dowan, Duvessa


Innate Abilities, Weirdness & Mutations

You have a pair of horns on your head.
You reflexively headbutt those who attack you in melee.


Message History

* * * LOW HITPOINT WARNING * * *
Dowan moves out of view.
You barely miss the jackal.
The jackal barks!
You headbutt the jackal, but do no damage.
You hit the jackal but do no damage.
You hit the orc priest but do no damage.
You block the jackal's attack. The orc priest closely misses you.
You furiously retaliate!
You headbutt the orc priest. You closely miss the jackal.
You closely miss the orc priest. You hit the jackal.
The jackal bites you but does no damage.
The jackal closely misses you.
The orc priest hits you but does no damage.
The jackal bites you but does no damage.
You block the orc priest's attack. The jackal barely misses you.
You closely miss the jackal. You headbutt the jackal.
The jackal is heavily wounded.
You barely miss the jackal. You barely miss the orc priest.
You block the jackal's attack.
The jackal bites you but does no damage. x2
The orc priest miscasts a cantrip.
Dowan casts a spell.
Dowan blinks!
The jackal bites you but does no damage.
You slash the jackal!
You kill the jackal!
Trog accepts your kill.
You closely miss the jackal. You hit the orc priest.
The jackal closely misses you. You furiously retaliate!
You headbutt the jackal!
You kill the jackal!
Trog accepts your kill.
The orc priest invokes the aid of Beogh against you.
Pain shoots through your body!
* * * LOW HITPOINT WARNING * * *
You hear a zap.
You hear a grinding noise.
A hound comes into view.
The orc priest mumbles some strange prayers to Beogh against you.
Beogh smites you!
You die...

#. #. .. . #.
..###.####
.........# #########
#......#)###.......#
#.....o@))..#####.#
#.###.#h##### #.#
#.#.# #<# #.#e# #.#
...h. #.# ..... ...
#...... ... #.#h..#
###.# .#


You could see Duvessa, a hound (wandering), an orc priest and 2 jackals.

Vanquished Creatures
  The ghost of THTSBRD the Shooter, an amateur FoHu of Elyvilon (D:3)
  Sigmund (D:2)
  Menkaure (D:4)
  2 orc wizards
  An adder (D:2)
  3 gnolls (D:4)
  A worm (D:2)
  A dart slug (D:2)
  6 orcs
  5 ball pythons
  2 endoplasms (D:2)
  A giant cockroach (D:1)
  8 goblins
  13 hobgoblins
  9 jackals
  4 quokkas
  4 bats
  3 frilled lizards
  9 kobolds
  14 rats
89 creatures vanquished.

Notes
Turn   | Place    | Note
-------+----------+-------------------------------------------
     0 | D:1      | BuddhaDhamma the Minotaur Berserker began the quest for the
                  | Orb.
     0 | D:1      | Reached XP level 1. HP: 19/19 MP: 0/0
    32 | D:1      | Reached skill level 4 in Axes
   332 | D:1      | Reached XP level 2. HP: 20/26 MP: 1/1
   679 | D:1      | Reached skill level 5 in Axes
   914 | D:1      | Found a faded altar of an unknown god.
   920 | D:1      | Reached XP level 3. HP: 30/31 MP: 2/2
   997 | D:1      | Reached ** piety under Trog
  1546 | D:2      | Found Bealioke's Weapon Shoppe.
  1930 | D:2      | Noticed Sigmund
  1945 | D:2      | Killed Sigmund
  1946 | D:2      | Reached skill level 7 in Axes
  1946 | D:2      | Reached XP level 4. HP: 39/39 MP: 3/3
  1946 | D:2      | Reached XP level 5. HP: 45/45 MP: 4/4
  2235 | D:3      | Reached skill level 8 in Axes
  2293 | D:3      | Found a shadowy altar of Dithmenos.
  2303 | D:3      | Reached XP level 6. HP: 45/51 MP: 5/5
  2484 | D:3      | Found a runed translucent door.
  2488 | D:3      | Noticed THTSBRD's ghost (amateur FoHu)
  2589 | D:3      | Found a blossoming altar of Fedhas.
  2590 | D:3      | Found a glowing golden altar of the Shining One.
  3076 | D:3      | Killed THTSBRD's ghost
  3077 | D:3      | Reached skill level 9 in Axes
  3106 | D:3      | Identified a scroll of acquirement
  3106 | D:3      | Acquired a +1 war axe of flaming
  3164 | D:4      | Noticed Menkaure
  3175 | D:4      | Reached *** piety under Trog
  3176 | D:4      | Reached XP level 7. HP: 44/57 MP: 6/6
  3178 | D:4      | Killed Menkaure
  3179 | D:4      | Reached skill level 10 in Axes
  3189 | D:4      | Noticed Duvessa
  3191 | D:4      | Noticed Dowan
  3195 | D:4      | Killed from afar by an orc priest

Illustrated notes

Levels and vault maps discovered:
D:1:      dpeg_arrival_central, layout_basic,
          shapermc_ecumenical_altar_starsandcircs, minmay_pentomino_z4
D:2:      layout_basic, serial_shops, nicolae_shop_bloodbath_and_beyond,
          minmay_misc_feat_four_crosses, uniq_sigmund
D:3:      layout_loops_cross, nicolae_dithmenos_the_darkroom, minitemple,
          ebering_ghost_reflecting_pool, nicolae_figureground_pulse
D:4:      layout_loops_ring, grunt_ministairs_6, dreamdust_wishing_well,
          uniq_duvessa, uniq_menkaure

Skill      XL: |  1  2  3  4  5  6  7 |
---------------+----------------------+-----
Axes           | 4 5 7 8 9 10 | 10.2
Fighting       | |  3.6
Armour         | |  2.4
Dodging        | |  2.1

Action                   |  1- 3 |  4- 6 |  7- 9 || total
-------------------------+-------+-------+-------++-------
Melee: Hand axe          |   106 |    52 |       ||   158
       Headbutt          |    15 |     8 |     4 ||    27
       War axe           |       |     4 |    16 ||    20
Invok: Berserk           |     1 |     3 |       ||     4
  Use: Scroll            |       |    11 |       ||    11
Armor: Animal skin       |     5 |       |       ||     5
       Ring mail         |    11 |       |       ||    11
       Scale mail        |     4 |    19 |    15 ||    38
Dodge: Dodged            |    39 |    17 |    13 ||    69
Block: Other             |     9 |    10 |     8 ||    27
